 Dungeon Crawl Stone Soup version 0.21.1-1-g345015f (webtiles) character file.

1015 tidbits the Insei (level 8, 21/60 HPs)
             Began as a Gnoll Transmuter on Feb 19, 2018.
             Quit the game on level 6 of the Dungeon.
             The game lasted 00:13:43 (976 turns).

tidbits the Insei (Gnoll Transmuter)                 Turns: 976, Time: 00:13:44

Health: 21/60      AC:  3    Str: 12      XL:     8   Next: 21%
Magic:  9/16       EV: 15    Int: 21      God:
Gold:   70         SH:  0    Dex: 14 (15) Spells: 12/18 levels left

rFire    . . .     SeeInvis .   i - +3 hunting sling
rCold    . . .     Gourm    .   (no shield)
rNeg     . . .     Faith    .   b - +0 robe
rPois    .         Spirit   .   (no helmet)
rElec    .         Reflect  .   s - +0 cloak
rCorr    .         Harm     .   (no gloves)
MR       .....                  (no boots)
Stlth    ++........             (no amulet)
HPRegen  0.20/turn              (no ring)
MPRegen  0.15/turn              (no ring)

@: no status effects
A: distributed training, fangs 1, clever 1, strong nose
a: no special abilities


You were on level 6 of the Dungeon.
You were full.

You visited 1 branch of the dungeon, and saw 7 of its levels.

You collected 147 gold pieces.
You spent 77 gold pieces at shops.

Inventory:

Hand Weapons
 g - a +0 dagger
 i - a +3 hunting sling (weapon)
Missiles
 a - 27 arrows
Armour
 b - a +0 robe (worn)
 p - a +0 shield
 s - a +0 cloak (worn)
 t - a cursed +0 helmet
 E - a +0 helmet
Magical Staves
 x - an uncursed staff of poison
   (You found it on level 4 of the Dungeon)
Scrolls
 f - a scroll of fear {unknown}
 l - a scroll of enchant weapon
 q - 2 scrolls of random uselessness
 r - 3 scrolls of remove curse
 w - a scroll of fog {unknown}
 y - a scroll of teleportation {unknown}
Potions
 h - a potion of heal wounds
 j - a potion of degeneration
 k - a potion of might
 n - a potion of brilliance {unknown}
 o - a potion of lignification {unknown}
 A - a potion of flight {unknown}
Books
 c - a book of Changes

   Spells                             Type                      Level
   a - Beastly Appendage              Transmutation                1
   b - Sticks to Snakes               Transmutation                2
   c - Spider Form                    Transmutation/Poison         3
   d - Ice Form                       Ice/Transmutation            4
   e - Blade Hands                    Transmutation                5
 v - a book of Conjurations
   (You found it on level 4 of the Dungeon)

   Spells                             Type                      Level
   a - Magic Dart                     Conjuration                  1
   b - Searing Ray                    Conjuration                  2
   c - Dazzling Spray                 Conjuration/Hexes            3
   d - Fulminant Prism                Conjuration/Hexes            4
   e - Force Lance                    Conjuration/Translocation    4
   f - Iskenderun's Mystic Blast      Conjuration                  4
Comestibles
 d - 5 rations


   Skills:
 + Level 4.0 Fighting
 + Level 3.0 Short Blades
 + Level 3.0 Long Blades
 + Level 3.0 Axes
 + Level 3.0 Maces & Flails
 + Level 3.0 Polearms
 + Level 3.0 Staves
 + Level 3.0 Slings
 + Level 3.0 Bows
 + Level 3.0 Crossbows
 + Level 3.0 Throwing
 + Level 3.0 Armour
 + Level 5.5 Dodging
 + Level 3.0 Stealth
 + Level 3.0 Shields
 + Level 7.2 Unarmed Combat
 + Level 5.9 Spellcasting
 + Level 2.4 Conjurations
 + Level 2.4 Hexes
 + Level 2.4 Charms
 + Level 2.4 Summonings
 + Level 2.4 Necromancy
 + Level 2.4 Translocations
 + Level 4.5 Transmutations
 + Level 2.4 Fire Magic
 + Level 2.4 Ice Magic
 + Level 2.4 Air Magic
 + Level 2.4 Earth Magic
 + Level 2.4 Poison Magic
 + Level 3.3 Invocations
 + Level 3.0 Evocations


You had 12 spell levels left.
You knew the following spells:

 Your Spells              Type           Power        Failure   Level  Hunger
e - Beastly Appendage     Tmut           ####..       1%          1    None
k - Sticks to Snakes      Tmut           ####....     2%          2    None
p - Spider Form           Tmut/Pois      ###.......   7%          3    ##.....


Dungeon Overview and Level Annotations

Branches:
Dungeon (7/15)
 Temple: D:4-7

Altars:
Nemelex Xobeh
Sif Muna
Yredelemnul

Shops:
D:4 (([

Annotations:
D:3 tidbits's ghost, weakling GnTm


Innate Abilities, Weirdness & Mutations

Your experience applies equally to all skills.
You have very sharp teeth.
Your uncanny sense of smell can sniff out nearby items.
Your mind is acute. (Int +2)


Message History

Your +3 hunting sling unmelds from your body.
Your +0 cloak unmelds from your body.
Your +0 robe unmelds from your body.
Your feet morph into talons.
Casting: Beastly Appendage
Confirm with . or Enter, or press ? or * to list all spells.
Your talons disappear.
You turn into a venomous arachnid creature.
Your +3 hunting sling melds into your body.
Your +0 cloak melds into your body.
Your +0 robe melds into your body.
The black bear completely misses you. x3
Casting: Spider Form
Confirm with . or Enter, or press ? or * to list all spells.
You create a snake!
You now have 29 arrows.
The crimson imp hits your ball python.
Your ball python dies!
The black bear completely misses you. x2; The black bear barely misses you.
You bite the black bear!
The black bear is moderately wounded.
The black bear misses you. The black bear closely misses you.
The black bear completely misses you.
Unknown command.
You hit the black bear but do no damage.
The black bear is moderately wounded.
The crimson imp barely misses you. The black bear closely misses you. x2
The black bear completely misses you.
You barely miss the black bear.
The black bear is moderately wounded.
The black bear completely misses you. The black bear claws you.
* * * LOW HITPOINT WARNING * * *
The black bear claws you.
* * * LOW HITPOINT WARNING * * *
The crimson imp barely misses you.
You bite the black bear!
The black bear is almost dead.
The black bear closely misses you. The black bear barely misses you. x2
The crimson imp barely misses you.
You hit the black bear.
You kill the black bear!
You feel your dexterity returning.
Your Fighting skill increases to level 4!
Your Short Blades skill increases to level 3!
Your Long Blades skill increases to level 3!
Your Axes skill increases to level 3!
Your Maces & Flails skill increases to level 3!
Your Polearms skill increases to level 3!
Your Staves skill increases to level 3!
Your Slings skill increases to level 3!
Your Bows skill increases to level 3!
Your Crossbows skill increases to level 3!
Your Throwing skill increases to level 3!
Your Armour skill increases to level 3!
Your Stealth skill increases to level 3!
Your Shields skill increases to level 3!
Your Evocations skill increases to level 3!
The crimson imp hits you.
* * * LOW HITPOINT WARNING * * *
The crimson imp blinks!
You see here a black bear corpse.
The crimson imp blinks!
You see here a scroll of magic mapping.
As you read the scroll of magic mapping, it crumbles to dust.
You feel aware of your surroundings.
You sensed 3 altars, and 1 shop/portal.
The crimson imp completely misses you.
You hit the crimson imp but do no damage.
The crimson imp is poisoned.
The crimson imp misses you.
Casting: Sticks to Snakes
Confirm with . or Enter, or press ? or * to list all spells.
You create 2 snakes!
You now have 27 arrows.
The crimson imp barely misses you.
You closely miss the crimson imp. You barely miss the crimson imp.
The crimson imp is lightly wounded.
The crimson imp misses you.
You closely miss the crimson imp.
The crimson imp is lightly wounded.
Your transformation is almost over.
The crimson imp sputters.
The crimson imp blinks!
The crimson imp blinks!
Your ball python closely misses the crimson imp.
Your ball python misses the crimson imp.
The crimson imp completely misses you.
You bite the crimson imp!
The crimson imp is heavily wounded.
The crimson imp blinks!
You bite the crimson imp!
You kill the crimson imp!
There is a stone staircase leading down here.
Your transformation has ended.
Your +3 hunting sling unmelds from your body.
Your +0 cloak unmelds from your body.
Your +0 robe unmelds from your body.
You climb downwards.
Your summoned allies are left behind.
There is a stone staircase leading up here.
Unknown command.
You climb upwards.
You hear the sound of rushing water.
There is an entrance to a sewer on this level.
Hurry and find it before the portal rusts away!
You hear the rusting of a very distant drain.
There is a stone staircase leading down here.
Unknown command.
Okay, then.
Are you sure you want to abandon this character and quit the game? (Confirm with "yes".)

#..* #..#†≈≈⌠≈≈.#.# #..*
#..#.≈≈≈P≈.#.# #..*
#..#.≈...≈.#.#
#..###..#.≈...≈.#.#
#.......####'####$#
#.......#≈.)...≈#.#
#.......#8P.©.P8#.##*
#..S....#########...[
#..S@.....†.©.....###
#.#..............##**
#.#...(.............,
#,##########....$###*
*,* #.....# *,*
****###.###
**,******,,,,,,...****
*,,,,,,,,,,,,,,...,,,,
***,*,*****,,,,,,,,,****


You could see 2 friendly ball pythons.

Vanquished Creatures
  2 kobold demonologists (D:6)
  A black bear (D:6)
  An ogre (D:4)
  A scorpion (D:4)
  A crimson imp (D:6)
  A jelly (D:4)
  3 orc priests (D:6)
  Ijyb (D:4)
  A worker ant (D:4)
  Robin (D:4)
  An adder (D:5)
  2 shadow imps (D:6)
  A dart slug (D:1)
  An orc (D:3)
  2 ball pythons
  A bat (D:3)
  19 goblins
  4 hobgoblins
  A quokka (D:4)
  3 frilled lizards
  A jackal skeleton (D:4)
  A kobold (D:2)
  A rat (D:3)
51 creatures vanquished.

Vanquished Creatures (collateral kills)
  2 goblins (D:4)
2 creatures vanquished.

Grand Total: 53 creatures vanquished

Notes
Turn   | Place    | Note
-------+----------+-------------------------------------------
     0 | D:1      | tidbits the Gnoll Transmuter began the quest for the Orb.
     0 | D:1      | Reached XP level 1. HP: 17/17 MP: 6/6
    66 | D:1      | Reached XP level 2. HP: 13/23 MP: 5/7
    70 | D:1      | Learned a level 2 spell: Sticks to Snakes
   206 | D:2      | You fall through a shaft!
   278 | D:5      | Entered Level 5 of the Dungeon
   308 | D:5      | Reached XP level 3. HP: 27/28 MP: 9/9
   313 | D:5      | Learned a level 3 spell: Spider Form
   337 | D:4      | Found a deep blue altar of Sif Muna.
   356 | D:4      | Reached skill level 5 in Spellcasting
   360 | D:4      | Reached skill level 1 in Short Blades
   360 | D:4      | Reached skill level 1 in Long Blades
   360 | D:4      | Reached skill level 1 in Axes
   360 | D:4      | Reached skill level 1 in Maces & Flails
   360 | D:4      | Reached skill level 1 in Polearms
   360 | D:4      | Reached skill level 1 in Staves
   360 | D:4      | Reached skill level 1 in Slings
   360 | D:4      | Reached skill level 1 in Bows
   360 | D:4      | Reached skill level 1 in Crossbows
   360 | D:4      | Reached skill level 1 in Throwing
   360 | D:4      | Reached skill level 1 in Armour
   360 | D:4      | Reached skill level 1 in Stealth
   360 | D:4      | Reached skill level 1 in Shields
   360 | D:4      | Reached skill level 1 in Invocations
   360 | D:4      | Reached skill level 1 in Evocations
   406 | D:4      | Found a basalt altar of Yredelemnul.
   443 | D:4      | Noticed a scorpion
   446 | D:4      | Killed a scorpion
   446 | D:4      | Reached skill level 1 in Conjurations
   446 | D:4      | Reached skill level 1 in Hexes
   446 | D:4      | Reached skill level 1 in Charms
   446 | D:4      | Reached skill level 1 in Summonings
   446 | D:4      | Reached skill level 1 in Necromancy
   446 | D:4      | Reached skill level 1 in Translocations
   446 | D:4      | Reached skill level 1 in Fire Magic
   446 | D:4      | Reached skill level 1 in Ice Magic
   446 | D:4      | Reached skill level 1 in Air Magic
   446 | D:4      | Reached skill level 1 in Earth Magic
   446 | D:4      | Reached skill level 1 in Poison Magic
   446 | D:4      | Reached XP level 4. HP: 34/34 MP: 7/11
   466 | D:4      | Found Niaj's Weapon Shoppe.
   468 | D:4      | Found Eleptaf's Antique Weapon Shop.
   489 | D:4      | Found Dograefo's Armour Shoppe.
   489 | D:4      | Noticed Robin
   518 | D:4      | Reached XP level 5. HP: 31/40 MP: 10/12
   524 | D:4      | Bought a +0 cloak for 58 gold pieces
   524 | D:4      | Bought a cursed +0 helmet for 19 gold pieces
   557 | D:4      | Killed Robin
   605 | D:4      | Noticed Ijyb
   626 | D:4      | Killed Ijyb
   626 | D:4      | Reached skill level 3 in Fighting
   682 | D:4      | Found a sparkling altar of Nemelex Xobeh.
   685 | D:4      | Noticed an ogre
   693 | D:4      | Killed an ogre
   693 | D:4      | Reached skill level 4 in Transmutations
   693 | D:4      | Reached skill level 2 in Invocations
   693 | D:4      | Reached XP level 6. HP: 46/47 MP: 8/13
   783 | D:3      | Noticed tidbits's ghost (weakling GnTm)
   786 | D:3      | Gained mutation: You have a pair of small antennae on your head. [potion of mutation]
   786 | D:3      | Gained mutation: Your skin changes colour to match your surroundings (Stealth+). [potion of mutation]
   792 | D:4      | Lost mutation: You have a pair of small antennae on your head. [potion of mutation]
   792 | D:4      | Lost mutation: Your skin changes colour to match your surroundings (Stealth+). [potion of mutation]
   792 | D:4      | Gained mutation: You tend to lose your temper in combat. [potion of mutation]
   792 | D:4      | Lost mutation: You tend to lose your temper in combat. [potion of mutation]
   792 | D:4      | Gained mutation: Your mind is acute. (Int +2) [potion of mutation]
   831 | D:6      | Found a transporter.
   839 | D:6      | Noticed a kobold demonologist
   840 | D:6      | Noticed a kobold demonologist
   862 | D:6      | Killed a kobold demonologist
   862 | D:6      | Reached skill level 2 in Short Blades
   862 | D:6      | Reached skill level 2 in Long Blades
   862 | D:6      | Reached skill level 2 in Axes
   862 | D:6      | Reached skill level 2 in Maces & Flails
   862 | D:6      | Reached skill level 2 in Polearms
   862 | D:6      | Reached skill level 2 in Staves
   862 | D:6      | Reached skill level 2 in Slings
   862 | D:6      | Reached skill level 2 in Bows
   862 | D:6      | Reached skill level 2 in Crossbows
   862 | D:6      | Reached skill level 2 in Throwing
   862 | D:6      | Reached skill level 2 in Armour
   862 | D:6      | Reached skill level 5 in Dodging
   862 | D:6      | Reached skill level 2 in Stealth
   862 | D:6      | Reached skill level 2 in Shields
   862 | D:6      | Reached skill level 7 in Unarmed Combat
   862 | D:6      | Reached skill level 2 in Evocations
   862 | D:6      | Reached XP level 7. HP: 48/52 MP: 13/15
   920 | D:6      | Reached skill level 2 in Conjurations
   920 | D:6      | Reached skill level 2 in Hexes
   920 | D:6      | Reached skill level 2 in Charms
   920 | D:6      | Reached skill level 2 in Summonings
   920 | D:6      | Reached skill level 2 in Necromancy
   920 | D:6      | Reached skill level 2 in Translocations
   920 | D:6      | Reached skill level 2 in Fire Magic
   920 | D:6      | Reached skill level 2 in Ice Magic
   920 | D:6      | Reached skill level 2 in Air Magic
   920 | D:6      | Reached skill level 2 in Earth Magic
   920 | D:6      | Reached skill level 2 in Poison Magic
   920 | D:6      | Killed a kobold demonologist
   920 | D:6      | Reached skill level 3 in Invocations
   920 | D:6      | Reached XP level 8. HP: 19/60 MP: 16/16
   927 | D:6      | Found a transporter.
   952 | D:6      | Reached skill level 4 in Fighting
   952 | D:6      | Reached skill level 3 in Short Blades
   952 | D:6      | Reached skill level 3 in Long Blades
   952 | D:6      | Reached skill level 3 in Axes
   952 | D:6      | Reached skill level 3 in Maces & Flails
   952 | D:6      | Reached skill level 3 in Polearms
   952 | D:6      | Reached skill level 3 in Staves
   952 | D:6      | Reached skill level 3 in Slings
   952 | D:6      | Reached skill level 3 in Bows
   952 | D:6      | Reached skill level 3 in Crossbows
   952 | D:6      | Reached skill level 3 in Throwing
   952 | D:6      | Reached skill level 3 in Armour
   952 | D:6      | Reached skill level 3 in Stealth
   952 | D:6      | Reached skill level 3 in Shields
   952 | D:6      | Reached skill level 3 in Evocations
   976 | D:6      | Quit the game

Skill      XL: |  1  2  3  4  5  6  7  8 |
---------------+-------------------------+-----
Spellcasting   | 5 |  5.9
Short Blades   | 1 2 3 |  3.0
Long Blades    | 1 2 3 |  3.0
Axes           | 1 2 3 |  3.0
Maces & Flails | 1 2 3 |  3.0
Polearms       | 1 2 3 |  3.0
Staves         | 1 2 3 |  3.0
Slings         | 1 2 3 |  3.0
Bows           | 1 2 3 |  3.0
Crossbows      | 1 2 3 |  3.0
Throwing       | 1 2 3 |  3.0
Armour         | 1 2 3 |  3.0
Stealth        | 1 2 3 |  3.0
Shields        | 1 2 3 |  3.0
Invocations    | 1 2 3 |  3.3
Evocations     | 1 2 3 |  3.0
Conjurations   | 1 2 |  2.4
Hexes          | 1 2 |  2.4
Charms         | 1 2 |  2.4
Summonings     | 1 2 |  2.4
Necromancy     | 1 2 |  2.4
Translocations | 1 2 |  2.4
Fire Magic     | 1 2 |  2.4
Ice Magic      | 1 2 |  2.4
Air Magic      | 1 2 |  2.4
Earth Magic    | 1 2 |  2.4
Poison Magic   | 1 2 |  2.4
Fighting       | 3 4 |  4.0
Transmutations | 4 |  4.5
Dodging        | 5 |  5.5
Unarmed Combat | 7 |  7.2

Action                   |  1- 3 |  4- 6 |  7- 9 || total
-------------------------+-------+-------+-------++-------
Melee: Unarmed           |    38 |    56 |    15 ||   109
       Headbutt          |     3 |       |       ||     3
       Punch             |     1 |       |     1 ||     2
       Kick              |     4 |       |     1 ||     5
       Bite              |     4 |       |       ||     4
 Fire: Hunting sling     |       |    16 |    22 ||    38
 Cast: Beastly Appendage |     9 |       |     2 ||    11
       Spider Form       |     1 |     8 |     2 ||    11
       Sticks to Snakes  |       |     3 |     2 ||     5
Evoke: Wand              |       |     2 |    10 ||    12
  Use: Scroll            |     4 |     1 |     1 ||     6
       Potion            |       |     4 |     1 ||     5
  Eat: Ration            |     1 |     1 |       ||     2
Armor: Robe              |     3 |     2 |     2 ||     7
       Skin              |       |     1 |       ||     1
Dodge: Dodged            |    14 |    40 |    32 ||    86

Table legend:
 A = Turns spent in this place as a percentage of turns spent in the entire game.
 B = Non-inter-level travel turns spent in this place as a percentage of non-inter-level travel turns spent in the entire game.
 C = Inter-level travel turns spent in this place as a percentage of turns spent in this place.
 D = Turns resting spent in this place as a percentage of non-inter-level travel turns spent in this place.
 E = Turns spent auto-exploring this place as a percentage of non-inter-level travel turns spent in this place.
 F = Non-inter-level travel turns spent in this place divided by the number of levels of this place that you've seen.
                   A       B       C       D       E      F
               +-------+-------+-------+-------+-------+----------------------
         Total | 100.0 | 100.0 |   3.0 |   0.0 |   0.0 | 135.3
       Dungeon | 100.0 | 100.0 |   3.0 |   0.0 |   0.0 | 135.3
               +-------+-------+-------+-------+-------+----------------------

Table legend:
 A = Kills in this place as a percentage of kills in entire the game.
 B = Kills by you in this place as a percentage of kills by you in the entire game.
 C = Kills by friends in this place as a percentage of kills by friends in the entire game.
 D = Other kills in this place as a percentage of other kills in the entire game.
 E = Experience gained in this place as a percentage of experience gained in the entire game.
 F = Experience gained in this place divided by the number of levels of this place that you have seen.
                   A       B       C       D       E      F
               +-------+-------+-------+-------+-------+----------------------
         Total | 100.0 | 100.0 | 100.0 |   N/A | 100.0 | 207.1
       Dungeon | 100.0 | 100.0 | 100.0 |   N/A | 100.0 | 207.1
               +-------+-------+-------+-------+-------+----------------------

Vault maps used:
D:1:      dpeg_arrival_erosion
D:2:      uniq_sigmund
D:3:      tso_oasis_becter, lemuel_doored_altar, hangedman_abyss_or_decor_stabs,
          lemuel_angel_altar, uniq_grinder
D:4:      kennysheep_the_goblin_king, nicolae_overflow_hidden_temple,
          yredelemnul_altar_generic, nemelex_xobeh_ov_fountains_minmay,
          serial_shops, nicolae_shop_overgrown_old_shop, shop,
          nicolae_shop_waterfront, first_ration, nemelex_lonely_heart_becter,
          uniq_robin
D:5:      kennysheep_mini, minmay_temple_entry_glass, hex_intersection
D:6:      gammafunk_wand_slinger, ashenzari_altar_1,
          kennysheep_okawaru_gauntlet, xom_butterflies,
          lightli_sewer_entry_pipes
D:7:      lemuel_ice_spiral_2, serial_shops, nicolae_shop_behind_doors,
          supply_closet_lemuel, uniq_duvessa, uniq_crazy_yiuf_cottage,
          uniq_joseph
